 Dungeon Crawl Stone Soup version 0.20.1-1-g8b1a95d66d (webtiles) character file.

207 2ustice the Insei (level 5, -1/38 HPs)
             Began as a Demonspawn Transmuter on Jan 2, 2018.
             Slain by a kobold
             ... wielding a +0 club
              (3 damage)
             ... on level 3 of the Dungeon.
             The game lasted 00:08:54 (3306 turns).

2ustice the Insei (Demonspawn Transmuter)           Turns: 3306, Time: 00:08:54

Health: -1/38      AC:  2    Str: 10    XL:     5   Next: 54%
Magic:  3/9        EV: 13    Int: 16    God:
Gold:   70         SH:  0    Dex: 13    Spells: 5/9 levels left

rFire    . . .     SeeInvis .     - Unarmed
rCold    . . .     Gourm    .   (no shield)
rNeg     . . .     Faith    .   b - +0 robe
rPois    .         Spirit   .   (no helmet)
rElec    .         Reflect  .   (no cloak)
rCorr    .         Harm     .   (no gloves)
MR       .....                  (no boots)
Stlth    +.........             (no amulet)
Regen    0.2/turn               g - ring of flight
MPRegen  0.2/turn               (no ring)

@: lethally poisoned (-1 -> -3), very slightly contaminated
A: claws 2, foul stench 1, rot immunity
a: Evoke Flight


You were on level 3 of the Dungeon.
You were hungry.

You visited 1 branch of the dungeon, and saw 3 of its levels.

You collected 70 gold pieces.

Inventory:

Missiles
 a - 32 arrows
 e - 8 tomahawks of returning (quivered)
Armour
 b - a +0 robe (worn)
Jewellery
 g - a ring of flight (left claw)
Wands
 i - a wand of polymorph (5/24)
Scrolls
 f - a scroll of identify
Books
 c - a book of Changes

   Spells                             Type                      Level
   a - Beastly Appendage              Transmutation                1
   b - Sticks to Snakes               Transmutation                2
   c - Spider Form                    Transmutation/Poison         3
   d - Ice Form                       Ice/Transmutation            4
   e - Blade Hands                    Transmutation                5
Comestibles
 d - 3 bread rations
 j - a meat ration


   Skills:
 + Level 2.0 Fighting
 + Level 2.6 Dodging
 * Level 4.0 Unarmed Combat
 + Level 2.8 Spellcasting
 + Level 2.5 Transmutations
 + Level 0.8 Poison Magic


You had 5 spell levels left.
You knew the following spells:

 Your Spells              Type           Power        Failure   Level  Hunger
a - Beastly Appendage     Tmut           ##....       7%          1    #......
b - Spider Form           Tmut/Pois      #.........   28%         3    ###....


Dungeon Overview and Level Annotations

Branches:
Dungeon (3/15)

Altars:
Okawaru


Innate Abilities, Weirdness & Mutations

You have very sharp fingernails.
You may emit foul miasma when damaged in melee.
You are immune to rotting.


Message History

* * * LOW HITPOINT WARNING * * *
You feel sick.
You see here a goblin corpse.
* * * LOW HITPOINT WARNING * * *
You feel sick.
* * * LOW HITPOINT WARNING * * *
You feel sick.
Okay, then.
Casting: Spider Form
Confirm with . or Enter, or press ? or * to list all spells.
You miscast Spider Form.
You are very lightly contaminated with residual magic.
You feel slightly ill.
You are feeling hungry.
The kobold barely misses you.
Casting: Spider Form
Confirm with . or Enter, or press ? or * to list all spells.
You miscast Spider Form.
Nothing appears to happen.
The orc misses you. The kobold hits you with a club.
You die...

######## #....... ####..†....
######.# #.......... # #......#
###.##.......
###.#################........####
oo...#.o.†o..ooK@......#######
.#..o..############.#### ...#.###
##....[....# ####..#
##..######### # ##..##..## #
#.#..## # #...## .. #
#..#####.##### # #..###.......#


You could see 3 orcs and a kobold.

Vanquished Creatures
  A scorpion (D:3)
  An orc priest (D:3)
  A hound skeleton (D:3)
  4 adders (D:2)
  An ooze (D:2)
  2 worms (D:2)
  3 leopard geckos (D:2)
  7 giant cockroaches
  5 hobgoblins
  3 jackals (D:1)
  5 kobolds
  2 quokkas (D:3)
  16 bats
  4 frilled lizards
  5 goblins
  10 rats
70 creatures vanquished.

Notes
Turn   | Place    | Note
-------+----------+-------------------------------------------
     0 | D:1      | 2ustice the Demonspawn Transmuter began the quest for the Orb.
     0 | D:1      | Reached XP level 1. HP: 15/15 MP: 3/3
   413 | D:1      | Gained mutation: You are immune to rotting. [demonic ancestry]
   413 | D:1      | Reached XP level 2. HP: 14/21 MP: 5/5
  1244 | D:2      | Reached skill level 3 in Unarmed Combat
  1327 | D:2      | Gained mutation: You may emit foul miasma when damaged in melee. [demonic ancestry]
  1327 | D:2      | Reached XP level 3. HP: 10/26 MP: 4/6
  1339 | D:2      | HP: 1/26 [poisoned by an adder]
  2431 | D:2      | Gained mutation: You have sharp fingernails. [demonic ancestry]
  2431 | D:2      | Reached XP level 4. HP: 30/32 MP: 5/7
  2785 | D:3      | Found an iron altar of Okawaru.
  3044 | D:2      | Learned a level 3 spell: Spider Form
  3134 | D:3      | Gained mutation: You have very sharp fingernails. [demonic ancestry]
  3134 | D:3      | Reached XP level 5. HP: 33/38 MP: 6/9
  3281 | D:3      | Reached skill level 4 in Unarmed Combat
  3304 | D:3      | HP: 1/38 [poisoned by a scorpion]
  3306 | D:3      | Slain by a kobold

Skill      XL: |  1  2  3  4  5 |
---------------+----------------+-----
Transmutations | 2 |  2.5
Unarmed Combat | 3 4 |  4.0
Dodging        | 2 |  2.6
Fighting       | 2 |  2.0
Spellcasting   | |  2.8
Poison Magic   | |  0.8

Action                   |  1- 3 |  4- 6 || total
-------------------------+-------+-------++-------
Melee: Unarmed           |   151 |   106 ||   257
       Headbutt          |     7 |     4 ||    11
       Kick              |     8 |     4 ||    12
       Punch             |     1 |       ||     1
Throw: Tomahawk          |     6 |       ||     6
 Cast: Beastly Appendage |    19 |    14 ||    33
       Spider Form       |       |     2 ||     2
  Use: Scroll            |     1 |       ||     1
       Potion            |     1 |       ||     1
 Stab: Sleeping          |       |     2 ||     2
  Eat: Chunk             |     5 |     3 ||     8
Armor: Robe              |    35 |    22 ||    57
Dodge: Dodged            |    93 |    99 ||   192
